cohdb
Replays
Latest Replays
All Replays
Popular Replays
Top Player Replays
Match Explorer
How It Works
Community
CoH3 Stats
Reddit
Sign in to upload your games and track your stats! →
Sign in with Steam
Match 39535067
Unlisted
Match 39535067
Overview
Messages
Build Orders
End
Scout Squad
Construct Barracks
Riflemen Squad
Selects Heavy Weapons
Construct Weapon Support Center
Bazooka Squad
Bazooka Squad
M1919 Machine Gun Team
Selects M2HB .50cal Heavy Machine Gun
Air Support Center
Selects Assault Carriers
M3 Assault Carrier
P-47 Dive Bomb
Double Sortie
Engineer Squad
Engineer Squad
Selects Exchangeable Parts
Construct Tank Depot
.30 cal Machine Gun
.30 cal Machine Gun
M1919 Machine Gun Team
Bazooka Squad
Bazooka Squad
P-47 Dive Bomb
M4(105) Sherman Bulldozer
M3 Assault Carrier
P-47 Strafing Run
Grasshopper Recon Run
Improved M9 Bazooka Rockets
Engineer Squad
Engineer Squad
Selects M26 Pershing Heavy Tank
M26 Pershing Heavy Tank
P-47 Dive Bomb
M4A1 Sherman Medium Tank
Selects Rapid Reposition
Selects Black Dragon Artillery Barrage
Engineer Squad
M1919 Machine Gun Team
M1919 Machine Gun Team
P-47 Dive Bomb
Gumshoe.Cambro
Sluger
beepjeep
PkTe^kAnTiN
Atomic Floyd
Microsoft Outlook
deadsadbadmad
Alessandro-9891
0
0
Comments
sign in to comment!
No comments posted yet!